 Dungeon Crawl Stone Soup version 0.30-a0-765-g3161bf10a1 (webtiles) character file.

Game seed: 3685637978261801896

19083 Drevant2 the Destroyer (level 12, -10/81 HPs)
             Began as a Demigod Fire Elementalist on Feb 12, 2023.
             Mangled by a blink frog (12 damage)
             ... on level 3 of the Lair of Beasts.
             The game lasted 00:46:41 (16884 turns).

Drevant2 the Destroyer (Demigod Fire Elementalist) Turns: 16884, Time: 00:46:42

Health: -10/81     AC: 11    Str: 15    XL:     12   Next: 6%
Magic:  14/25      EV: 13    Int: 33    God:
Gold:   698        SH:  0    Dex: 14    Spells: 12/23 levels left

rFire   . . .      SeeInvis .    C - +10 long sword of Uskayaw's Envy {freeze, *Noise +Blink rN+ Str+6}
rCold   . . .      Faith    .    (no shield)
rNeg    + . .      Spirit   .    A - +0 steam dragon scales
rPois   .          Reflect  .    M - +1 helmet
rElec   .          Harm     .    H - scarf {repulsion}
rCorr   .          Rampage  .    (no gloves)
Will    +....                    (no boots)
Stlth   ++                       (no amulet)
HPRegen 0.33/turn                d - +4 ring of slaying
MPRegen 0.19/turn                c - +4 ring of protection

@: about to teleport, hasted, repel missiles, very quick
A: high MP 1, forlorn, divine attributes
a: Evoke Blink


You were on level 3 of the Lair of Beasts.
You visited 3 branches of the dungeon, and saw 14 of its levels.

You collected 698 gold pieces.

Inventory:

Hand Weapons
 e - a +0 dagger
 n - a +1 dagger of draining
 v - a +0 rapier of venom
 C - the +10 long sword of Uskayaw's Envy (weapon) {freeze, *Noise +Blink rN+ Str+6}
   (You found it on level 6 of the Dungeon)

   Str:       It affects your strength (+6).
   rN:        It protects you from negative energy.
   +Blink:    It lets you blink.
   *Noise:    It may make noises in combat.
Armour
 a - a +0 robe
 A - +0 steam dragon scales (worn)
 H - a scarf of repulsion (worn)
 J - a +1 cloak
 M - a +1 helmet (worn)
Jewellery
 c - a +4 ring of protection (right hand)
 d - a +4 ring of slaying (left hand)
 l - a ring of wizardry
 o - a ring of positive energy
 y - an amulet of magic regeneration
 I - a ring of willpower
 L - a ring of positive energy
 P - a ring of willpower
 R - a ring of ice
Wands
 k - a wand of polymorph (8)
 u - a wand of flame (20)
 O - a wand of light (7)
Scrolls
 g - 4 scrolls of magic mapping
 t - a scroll of amnesia
 w - a scroll of teleportation
 x - a scroll of fear
 z - a scroll of poison
 B - 3 scrolls of torment
 D - a scroll of brand weapon
 F - a scroll of immolation
 G - a scroll of identify
 K - a scroll of enchant armour
 N - 2 scrolls of blinking
 Q - a scroll of enchant weapon {unknown}
 S - 3 scrolls of noise {unknown}
Potions
 b - 4 potions of magic
 f - 5 potions of lignification
 h - 2 potions of degeneration {unknown}
 i - 2 potions of invisibility
 j - 2 potions of heal wounds {unknown}
 m - 3 potions of curing
 p - 2 potions of brilliance {unknown}
 q - 3 potions of attraction {unknown}
 r - 2 potions of haste
 s - a potion of mutation {unknown}
 E - 2 potions of flight {unknown}


   Skills:
 - Level 9.0 Long Blades
 + Level 3.5 Dodging
 - Level 1.7 Stealth
 - Level 6.1 Spellcasting
 + Level 11.6 Conjurations
 - Level 10.2 Fire Magic


You had 12 spell levels left.
You knew the following spells:

 Your Spells              Type           Power      Damage    Failure   Level
a - Foxfire               Conj/Fire      100%       2x1d9     1%          1
b - Flame Wave            Conj/Fire      70%        2d16      1%          4
c - Starburst             Conj/Fire      35%        6d10      8%          6

Your spell library contained the following spells:

 Spells                   Type           Power      Damage    Failure   Level
 Momentum Strike          Conj/Tloc      96%        3d10      1%          2
 Scorch                   Fire           100%       2d10      1%          2
 Inner Flame              Hex/Fire       43%        N/A       1%          3
 Stone Arrow              Conj/Erth      96%        3d13      1%          3
 Fireball                 Conj/Fire      35%        3d15      1%          5
 Mephitic Cloud           Conj/Pois/Air  35%        N/A       2%          3
 Kindle Blastsparks       Fire/Tloc/Air  64%        2d15      3%          3
 Necrotise                Necr           40%        1d6       4%          1
 Blink                    Tloc           20%        N/A       6%          2
 Cigotuvi's Dreadful Rot  Necr/Pois/Air  20%        N/A       6%          2
 Lesser Beckoning         Tloc           20%        N/A       6%          2
 Poisonous Vapours        Pois/Air       20%        N/A       6%          2
 Arcjolt                  Conj/Air       24%        1d34      11%         5
 Irradiate                Conj/Tmut      24%        3d19      11%         5
 Vampiric Draining        Necr           10%        2d6       13%         3
 Vhi's Electric Charge    Tloc/Air       20%        N/A       13%         3
 Animate Armour           Summ/Erth      20%        N/A       38%         4
 Manifold Assault         Tloc           10%        N/A       38%         4
 Agony                    Necr           10%        N/A       75%         5
 Blade Hands              Tmut           5%         N/A       75%         5
 Dragon Form              Tmut           5%         N/A       100%        7
 Storm Form               Tmut/Air       5%         N/A       100%        7
 Lehudib's Crystal Spear  Conj/Erth      24%        10d7      100%        8
 Maxwell's Capacitive Co  Air            5%         ∞         100%        8


Dungeon Overview and Level Annotations

Branches:
Dungeon (10/15)            Temple (0/1) D:6            Lair (3/5) D:10
 Shoals (0/4) Lair:3          Orc (1/2) D:9
  Snake: Lair:2-3    Spider: Lair:2-3

Annotations:
D:4 Pikel
D:8 Erica
D:9 1 runed translucent door
Lair:2 Sonja


Innate Abilities, Weirdness & Mutations

You have an increased reservoir of magic. (+10% MP)
You shall have no god before yourself.
Your divine heritage dramatically boosts your attributes as you level up.


Message History

* * * LOW HITPOINT WARNING * * *
Okay, then.
As you read the scroll of teleportation, it crumbles to dust.
You feel strangely unstable. The yak gores you but does no damage.
The elephant tramples you but does no damage.
The elephant trunk-slaps you but does no damage.
The yak gores you but does no damage. The yak attacks as you move away!
The yak gores you.
* * * LOW HITPOINT WARNING * * *
The elephant attacks as you move away! The elephant barely misses you.
The elephant trunk-slaps you.
* * * LOW HITPOINT WARNING * * *
The yak attacks as you move away! The yak gores you.
* * * LOW HITPOINT WARNING * * *
The yak attacks as you move away! The yak closely misses you.
The elephant attacks as you move away! The elephant tramples you.
* * * LOW HITPOINT WARNING * * *
The elephant closely misses you. The yak attacks as you move away!
The yak gores you.
* * * LOW HITPOINT WARNING * * *
Your surroundings suddenly seem different. 3 blink frogs come into view.
Found 11 gold pieces.
The blink frog gives a loud, deep croak! x2
A blink frog comes into view.
The blink frog hits you but does no damage.
The blink frog croaks.
Okay, then.
As you read the scroll of teleportation, it crumbles to dust.
You feel strangely unstable.
The blink frog croaks.
The blink frog closely misses you.
You hear a loud, deep croak!
It was a potion of haste.
You feel yourself speed up.
The blink frog blinks!
As you read the scroll of fear, it crumbles to dust.
You assume a fearsome visage.
The blink frog looks frightened! x2
The blink frog easily resists.
The blink frog resists with some effort.
The blink frog hits you!
You die...

## ###
#.####P#..#####
......F@.......
.......F.......
...F...........
...###F..$#....
.. #..### ... .
.#+# .. # .


You could see 4 blink frogs.

Vanquished Creatures
  A two-headed ogre (D:8)
  2 manticores
  Maurice (D:8)
  An elephant (Lair:3)
  Joseph (D:9)
  2 cane toads (Lair:1)
  2 black mambas (Lair:2)
  5 komodo dragons
  Grinder (D:4)
  A polar bear (Lair:1)
  4 blink frogs (Lair:2)
  The ghost of Olga the Covered, an amateur HuFi of Hepliaklqana (D:4)
  4 slime creatures
  A shadow (D:10)
  Sigmund (D:5)
  18 yaks
  6 wyverns
  4 steam dragons
  A redback (Lair:2)
  2 wargs (D:9)
  5 water moccasins
  2 ice beasts
  6 sky beasts
  4 black bears
  8 orc warriors
  11 wolves
  4 ogres
  A centaur (D:8)
  2 phantoms (D:4)
  6 kobold brigands
  9 bullfrogs
  A scorpion (D:6)
  15 wights
  13 killer bees
  3 howler monkeys
  2 electric eels (Lair:2)
  6 hounds
  4 orc priests
  A gnoll bouda (D:10)
  6 jellies (D:6)
  8 iguanas
  8 orc wizards
  Robin (D:3)
  13 adders
  12 gnolls
  A white imp (D:6)
  2 ufetubi (D:6)
  A worm (D:2)
  2 dart slugs
  36 orcs
  11 ball pythons
  24 endoplasms
  2 giant cockroaches (D:1)
  17 goblins
  14 hobgoblins
  3 jackals (D:2)
  A quokka (D:4)
  5 bats
  3 frilled lizards
  28 kobolds
  4 rats
  2 butterflies (D:6)
366 creatures vanquished.

Vanquished Creatures (collateral kills)
  5 foxfires
5 creatures vanquished.

Vanquished Creatures (others)
  A troll (D:9)
  A howler monkey (D:9)
  Ijyb (D:3)
  804 foxfires
  34 fungi
  48 plants
889 creatures vanquished.

Grand Total: 1260 creatures vanquished

Notes
Turn   | Place    | Note
-------+----------+-------------------------------------------
     0 | D:1      | Drevant2 the Demigod Fire Elementalist began the quest for
                  | the Orb.
     0 | D:1      | Reached XP level 1. HP: 14/14 MP: 5/5
   244 | D:1      | Reached XP level 2. HP: 20/20 MP: 7/7
   656 | D:1      | Reached XP level 3. HP: 25/26 MP: 8/8
  1327 | D:2      | Reached XP level 4. HP: 33/33 MP: 9/9
  1515 | D:3      | Noticed Ijyb
  1525 | D:3      | Reached skill level 5 in Fire Magic
  1714 | D:3      | Killed Ijyb
  1906 | D:3      | Reached skill level 1 in Conjurations
  1948 | D:3      | Noticed Robin
  1951 | D:3      | Killed Robin
  1964 | D:3      | Reached XP level 5. HP: 38/38 MP: 10/10
  2496 | D:4      | Noticed Pikel
  2667 | D:4      | Reached skill level 2 in Conjurations
  2811 | D:4      | Reached skill level 3 in Conjurations
  2893 | D:4      | Reached XP level 6. HP: 26/45 MP: 2/11
  2965 | D:4      | Learned a level 4 spell: Flame Wave
  3135 | D:4      | Reached skill level 4 in Conjurations
  3241 | D:4      | Noticed Grinder
  3651 | D:5      | Entered Level 5 of the Dungeon
  3657 | D:5      | Reached skill level 5 in Conjurations
  3869 | D:5      | Reached XP level 7. HP: 50/50 MP: 5/12
  3923 | D:5      | Reached skill level 6 in Conjurations
  4150 | D:5      | Noticed Sigmund
  4158 | D:5      | Killed Sigmund
  4741 | D:5      | Reached skill level 7 in Conjurations
  5134 | D:6      | Found a staircase to the Ecumenical Temple.
  5272 | D:6      | Reached skill level 8 in Conjurations
  5272 | D:6      | Reached XP level 8. HP: 57/57 MP: 7/13
  5622 | D:6      | Identified the +10 long sword of Uskayaw's Envy {freeze,
                  | *Noise +Blink rN+ Str+6}
  5858 | D:6      | Reached skill level 1 in Long Blades
  5858 | D:6      | Reached skill level 9 in Conjurations
  6154 | D:6      | Noticed a slime creature
  6803 | D:6      | Killed a slime creature
  7121 | D:7      | Noticed a manticore
  7211 | D:7      | Reached XP level 9. HP: 62/62 MP: 11/14
  7547 | D:7      | Reached skill level 10 in Conjurations
  7750 | D:7      | Reached skill level 5 in Long Blades
  8095 | D:7      | HP: 1/62 [ogre/+0 giant club (21)]
  8445 | D:4      | Found a runed translucent gate.
  8445 | D:4      | Found a runed translucent gate.
  8445 | D:4      | Found a runed translucent gate.
  8446 | D:4      | Noticed Olga's ghost (amateur HuFi)
  8485 | D:4      | Killed Grinder
  8896 | D:4      | Killed Olga's ghost
  9628 | D:7      | Killed a manticore
  9694 | D:8      | Reached XP level 10. HP: 69/69 MP: 11/15
  9702 | D:8      | Learned a level 6 spell: Starburst
  9713 | D:8      | Noticed a two-headed ogre
  9788 | D:8      | Noticed Erica
 10038 | D:8      | Noticed Maurice
 10176 | D:8      | Killed a two-headed ogre
 10826 | D:8      | Killed Maurice
 11255 | D:9      | Found a staircase to the Orcish Mines.
 11399 | D:9      | Found a runed translucent door.
 11400 | D:9      | Noticed a two-headed ogre
 11425 | D:9      | Noticed Joseph
 11497 | D:9      | Killed Joseph
 11870 | Orc:1    | Entered Level 1 of the Orcish Mines
 11870 | Orc:1    | Noticed an ettin
 12059 | D:9      | Noticed a two-headed ogre
 12932 | D:10     | Entered Level 10 of the Dungeon
 12940 | D:10     | Reached skill level 10 in Fire Magic
 13112 | D:10     | Reached XP level 11. HP: 74/74 MP: 13/17
 13553 | D:10     | Found a staircase to the Lair.
 14149 | Lair:1   | Entered Level 1 of the Lair of Beasts
 14195 | Lair:1   | Reached skill level 11 in Conjurations
 15446 | Lair:2   | Noticed an eight-headed hydra
 15583 | Lair:2   | Reached skill level 5 in Spellcasting
 15647 | Lair:2   | Noticed Sonja
 16272 | Lair:2   | Noticed a pharaoh ant
 16660 | Lair:2   | Reached XP level 12. HP: 55/81 MP: 18/25
 16781 | Lair:3   | Found a staircase to the Shoals.
 16881 | Lair:3   | HP: 1/81 [yak (5)]
 16884 | Lair:3   | Mangled by a blink frog

Illustrated notes

Levels and vault maps discovered:
D:1:      grunt_arrival_crossed_arrows, layout_basic, st_stairs_10
D:2:      layout_loops_cross
D:3:      layout_rooms, serial_rivers, chequers_serial_rivers_micro_a,
          chequers_serial_rivers_room_a, chequers_serial_rivers_small_b,
          chequers_serial_rivers_micro_e, chequers_serial_rivers_micro_e,
          chequers_serial_rivers_micro_d, nicolae_goblin_pals
D:4:      wad_river_or_something, layout_loops_corners,
          gammafunk_temple_overflow_statue, biasface_ghost_orc_armoury,
          uniq_grinder, uniq_ijyb, uniq_pikel
D:5:      layout_rooms, trog_hazing_becter, nicolae_gozag_seed_capital,
          nicolae_nh_ransacked_shop, uniq_sigmund
D:6:      lemuel_slime, layout_rooms, minmay_temple_entry_butterflies
D:7:      minmay_clustersquares, layout_basic
D:8:      layout_cave_pools, uniq_erica, uniq_maurice
D:9:      minmay_the_grid_triangle_9x9_rhombus_thin
          [minmay_the_grid_triangle_9x9_pentomino_pain,
          minmay_the_grid_triangle_9x9_prize_center,
          minmay_the_grid_triangle_9x9_longest,
          minmay_the_grid_triangle_9x9_fully_insulated_deathbox],
          layout_gridville, david_orc_3, special_room [special_room_bee],
          minmay_misc_feat_hallway, uniq_joseph
D:10:     layout_long_grid, okawaru_metal_pillars_1_2,
          grunt_lair_entry_orc_guard_hut
Lair:1:   layout_roguey
Lair:2:   layout_small_grid, nicolae_spider_entry_lesser_pyramids,
          cheibrodos_lair_reptile_den, grunt_megastairs_3, serial_bayou_shore_a,
          uniq_sonja
Lair:3:   layout_regular_city, minmay_shoals_entry_beasts
Orc:1:    layout_caves, nicolae_volcano_entry_vermiform, mines4_lemuel

Skill      XL: |  1  2  3  4  5  6  7  8  9 10 11 12 |
---------------+-------------------------------------+-----
Fire Magic     | 3 4 5 7 10 | 10.2
Conjurations   | 1 3 5 8 9 10 11 | 11.6
Long Blades    | 3 6 7 9 |  9.0
Spellcasting   | 6 |  6.1
Dodging        | 2 3 |  3.5
Stealth        | |  1.7

Action                     |  1- 3 |  4- 6 |  7- 9 | 10-12 || total
---------------------------+-------+-------+-------+-------++-------
  Melee: Dagger            |    66 |    28 |       |       ||    94
         Rapier            |       |    21 |    11 |       ||    32
         Punch             |       |     1 |       |       ||     1
         Long sword        |       |       |    67 |   113 ||   180
   Cast: Foxfire           |    28 |   107 |   188 |   201 ||   524
         Flame Wave        |       |       |    11 |    43 ||    54
    Use: Scroll            |       |     2 |    10 |    10 ||    22
         Potion            |       |       |       |     6 ||     6
   Stab: Sleeping          |     4 |       |     3 |       ||     7
         Invisible         |       |       |       |     1 ||     1
 Armour: Robe              |    29 |    24 |    12 |       ||    65
         Steam dragon scal |       |       |    15 |    78 ||    93
  Dodge: Dodged            |    40 |    57 |    60 |   133 ||   290
         Repelled          |       |       |       |     2 ||     2

Table legend: (Time is in decaauts)
 A = Elapsed time spent in this place.
 B = Non-inter-level travel time spent in this place.
 C = Inter-level travel time spent in this place.
 D = Time resting spent in this place.
 E = Time spent auto-exploring this place.
 F = Levels seen in this place.
 G = Mean time per level.
                   A        B        C        D        E       F      G
               +--------+--------+--------+--------+--------+-----+--------+
         Total |  16949 |  14352 |   2597 |   5678 |   5770 |  14 | 1210.6 |
       Dungeon |  14206 |  12005 |   2201 |   4501 |   5030 |  10 | 1420.6 |
          Lair |   2738 |   2342 |    396 |   1177 |    740 |   3 |  912.7 |
  Orcish Mines |      4 |      4 |      0 |      0 |      0 |   1 |    4.0 |
               +--------+--------+--------+--------+--------+-----+--------+

Top non-repeatable levels by time:
     D:7: 2340 daAuts
     D:4: 2063 daAuts
     D:6: 1980 daAuts
  Lair:1: 1724 daAuts
     D:9: 1536 daAuts
     D:5: 1391 daAuts
    D:10: 1216 daAuts
     D:3: 1074 daAuts
     D:8: 999 daAuts
     D:2: 818 daAuts
     D:1: 786 daAuts
  Lair:2: 712 daAuts
  Lair:3: 300 daAuts
   Orc:1: 4 daAuts
